 Dungeon Crawl Stone Soup version 0.21.1-1-g345015f (webtiles) character file.

38 inc the Scratcher (level 3, -1/17 HPs)
             Began as a Felid Monk on Mar 7, 2018.
             Killed from afar by Sigmund (8 damage)
             ... with a magic dart
             ... on level 2 of the Dungeon.
             The game lasted 00:00:48 (797 turns).

inc the Scratcher (Felid Monk)                       Turns: 797, Time: 00:00:49

Health: -1/17      AC:  1    Str:  7    XL:     3   Next: 25%
Magic:  4/4        EV: 19    Int: 17    God:
Gold:   55         SH:  0    Dex: 18    Spells: 2/2 levels left
                                        Lives:  0   Deaths: 0

rFire    . . .     SeeInvis +     - Unarmed
rCold    . . .     Gourm    .   (shield unavailable)
rNeg     . . .     Faith    .   (armour unavailable)
rPois    .         Spirit   .   (helmet unavailable)
rElec    .         Reflect  .   (cloak unavailable)
rCorr    .         Harm     .   (gloves unavailable)
MR       .....                  (boots unavailable)
Stlth    +++.......             (no amulet)
HPRegen  0.05/turn              (no ring)
MPRegen  0.09/turn              (no ring)

@: brilliant, quick
A: very small, no armour, no weapons or thrown items, stealth, claws 1, fangs 3,
see invisible, carnivore, speed 1, shaggy fur 1, slow metabolism 1, sharp paws
a: no special abilities


You were on level 2 of the Dungeon.
You were not hungry.

You visited 1 branch of the dungeon, and saw 2 of its levels.

You collected 55 gold pieces.

Inventory:

Scrolls
 b - a scroll of remove curse {unknown}
 d - 2 scrolls of identify {unknown}
 g - a scroll of teleportation {unknown}
Potions
 c - a potion of brilliance
 e - a potion of heal wounds {unknown}
 f - a potion of curing {unknown}
Comestibles
 a - 2 rations


   Skills:
 - Level 3.0 Fighting
 - Level 4.0 Dodging
 - Level 2.6 Stealth
 + Level 4.4 Unarmed Combat


You had 2 spell levels left.
You didn't know any spells.

Dungeon Overview and Level Annotations

Branches:
Dungeon (2/15)

Altars:

Annotations:
D:2 1 runed door, Sigmund


Innate Abilities, Weirdness & Mutations

You cannot wear armour.
You are incapable of wielding weapons or throwing items.
Your paws allow you to move quietly. (Stealth)
You have sharp claws.
You have razor-sharp teeth.
You have supernaturally acute eyesight. (SInv)
You are carnivorous and can eat meat at any time.
You cover ground quickly.
You are covered in fur. (AC +1)
You have a slow metabolism.
Your sharp claws are effective at attacking unaware monsters.


Message History

Sigmund gestures at you while chanting. The puff of flame misses you.
You see here a rat corpse.
Sigmund's eyes start glowing with a red light.
Sigmund gestures at you while chanting. The magic dart hits you!
You scratch Sigmund. Your bite misses Sigmund.
Sigmund is lightly wounded.
Sigmund hits you with a scythe.
You are too injured to fight recklessly!
You are too injured to fight recklessly!
You are too injured to fight recklessly!
You are too injured to fight recklessly!
There are monsters nearby!
It was a potion of brilliance.
You feel clever all of a sudden. The bat closely misses you.
The bat misses you. Sigmund casts a spell at you. The magic dart hits you!
You die...

.#..................%...
.#....(....###...?......
.#.........###..........
.+.........##...........
.#.........##...........
.'........###...†.......
.#...#......#.........(.
....(#......#...b.......
.....#......#...@....###
..####......#....@...#
..# ... #........# ..#
+........# ###
#........# ##########
### #.###


You could see Sigmund and a bat.

Vanquished Creatures
  An adder (D:2)
  A dart slug (D:1)
  A leopard gecko (D:1)
  6 bats (D:1)
  6 goblins
  4 hobgoblins (D:1)
  A kobold (D:1)
  A ball python (D:2)
  2 frilled lizards (D:1)
  4 rats
27 creatures vanquished.

Notes
Turn   | Place    | Note
-------+----------+-------------------------------------------
     0 | D:1      | inc the Felid Monk began the quest for the Orb.
     0 | D:1      | Reached XP level 1. HP: 10/10 MP: 2/2
   159 | D:1      | Reached XP level 2. HP: 14/14 MP: 3/3
   711 | D:2      | Reached XP level 3. HP: 17/17 MP: 4/4
   745 | D:2      | Found a runed door.
   789 | D:2      | Noticed Sigmund
   797 | D:2      | Killed from afar by Sigmund

Skill      XL: |  1  2 |
---------------+-------+-----
Unarmed Combat | 4 |  4.4
Fighting       | |  3.0
Dodging        | |  4.0
Stealth        | |  2.6

Action                   || total
-------------------------++-------
Melee: Unarmed           ||    52
       Bite              ||     5
  Use: Potion            ||     1
 Stab: Sleeping          ||    11
  Eat: Chunk             ||     1
Dodge: Dodged            ||    40
